 Dungeon Crawl Stone Soup version 0.28.0-43-g3370ac3207 (webtiles) character file.

Game seed: 5056429597092645205

54 themarg the Insei (level 4, -12/32 HPs)
             Began as a Djinni Transmuter on Mar 3, 2022.
             Mangled by an ogre
             ... wielding a +0 giant spiked club
              (23 damage)
             ... on level 2 of the Dungeon.
             The game lasted 00:06:03 (2313 turns).

themarg the Insei (Djinni Transmuter)               Turns: 2313, Time: 00:06:03

Health: -12/32     AC:  3    Str:  9    XL:     4   Next: 12%
Gold:   57         EV: 12    Int: 16    God:
                   SH:  0    Dex: 14

rFire   + + .      SeeInvis .   j - +0 dagger
rCold   x . .      Faith    .   (no shield)
rNeg    . . .      Spirit   .   c - +0 leather armour
rPois   ∞          Reflect  .   (no helmet)
rElec   .          Harm     .   (no cloak)
rCorr   +          Rampage  .   (no gloves)
Will    .....                   (boots unavailable)
Stlth   +.........              (no amulet)
HPRegen 0.10/turn               g - ring of resist corrosion
MPRegen 0.00/turn               (no ring)

@: wereblooded, flying, very slightly contaminated
A: sickness immunity, fire resistance 2, cold vulnerability 1, float, innate
caster, HP casting, extra vitality 1
a: no special abilities


You were on level 2 of the Dungeon.
You visited 1 branch of the dungeon, and saw 2 of its levels.

You collected 57 gold pieces.

Inventory:

Hand Weapons
 j - a +0 dagger (weapon)
Missiles
 f - 71 stones
Armour
 a - a +0 robe
 c - a +0 leather armour (worn)
 i - a +0 ring mail
Jewellery
 g - a ring of resist corrosion (left hand)
Scrolls
 b - a scroll of torment {unknown}
 e - a scroll of identify {unknown}
Potions
 d - 2 potions of mutation {unknown}
 h - a potion of brilliance {unknown}
 k - a potion of heal wounds {unknown}


   Skills:
 + Level 1.4 Fighting
 + Level 0.4 Armour
 + Level 2.6 Dodging
 + Level 0.2 Stealth
 + Level 3.8 Unarmed Combat
 + Level 2.0 Spellcasting


You couldn't memorise any spells.
You knew the following spells:

 Your Spells              Type           Power      Damage    Failure   Level
a - Beastly Appendage     Tmut           16%        N/A       12%         1
b - Wereblood             Tmut           8%         N/A       19%         2
c - Spider Form           Tmut/Pois      8%         N/A       36%         3
d - Ice Form              Ice/Tmut       8%         N/A       77%         4
e - Slow                  Hex            32%        N/A       12%         1
Your spell library was empty.

Dungeon Overview and Level Annotations

Branches:
Dungeon (2/15)

Altars:


Innate Abilities, Weirdness & Mutations

You are immune to sickness and miasma.
You are immune to poison.
Your flesh is very heat resistant. (rF++)
You are vulnerable to cold. (rC-)
You float through the air rather than walking.
You learn spells naturally, not from books.
Your magical power is your life essence.
You have superior vitality. (+4 MHP)


Message History

You miscast Spider Form.
You are very lightly contaminated with residual magic.
You feel very strange. The rat bites you.
Found a stone staircase leading down.
The rat bites you but does no damage.
You hit the ogre.
The ogre is lightly wounded.
The rat closely misses you. The ogre barely misses you.
You hit the ogre.
The ogre is lightly wounded.
The rat barely misses you.
You hit the ogre.
The ogre is lightly wounded.
The ogre barely misses you. The rat closely misses you.
You hit the ogre.
The ogre is lightly wounded.
The rat closely misses you. The ogre closely misses you.
Casting: Spider Form (quite dangerous; 36% risk of failure)
Confirm with . or Enter, or press ? or * to list all spells.
Your blood is infused with primal strength.
The rat bites you. The ogre misses you.
You hit the ogre but do no damage.
The ogre is lightly wounded.
The rat closely misses you.
You hit the ogre but do no damage.
The ogre is lightly wounded.
Your horns disappear.
The ogre hits you with a +0 giant spiked club!
The rat bites you.
You hit the ogre but do no damage.
The ogre is lightly wounded.
The rat closely misses you. The ogre closely misses you.
You hit the ogre but do no damage.
The ogre is lightly wounded.
The rat misses you. The ogre completely misses you.
You hit the ogre but do no damage.
The ogre is lightly wounded.
The rat bites you but does no damage.
The ogre hits you with a +0 giant spiked club!!
Ouch! That really hurt!
You die...

####### ...###. #......
.....#. #.#####
.....#.#########. ...#..
.?..........#.$. ###.#..
............#.##.#.....#
>......................#
.......r........ #+##...
###[O@....# ##.#
.........?..# #..
............# #..
............# +..
............# #..
.......#...## #.#
..######...# ##.# ..
#...# ..##+##..# #...#
#.........


You could see an ogre and a rat.

Vanquished Creatures
  An adder (D:2)
  A dart slug (D:1)
  5 ball pythons
  2 endoplasms
  A giant cockroach (D:1)
  7 goblins
  3 hobgoblins
  4 jackals (D:1)
  3 kobolds
  2 quokkas (D:1)
  A bat (D:1)
  5 frilled lizards
  3 rats
38 creatures vanquished.

Notes
Turn   | Place    | Note
-------+----------+-------------------------------------------
     0 | D:1      | themarg the Djinni Transmuter began the quest for the Orb.
     0 | D:1      | Reached XP level 1. HP: 17/17 MP: 0/0
   162 | D:1      | Reached XP level 2. HP: 19/22 MP: 0/0
   793 | D:1      | Reached XP level 3. HP: 23/27 MP: 0/0
   793 | D:1      | Learned a level 1 spell: Slow
  1028 | D:1      | Found a faded altar of an unknown god.
  1713 | D:2      | Reached XP level 4. HP: 15/32 MP: 0/0
  2300 | D:2      | Noticed an ogre
  2313 | D:2      | Mangled by an ogre

Illustrated notes

Levels and vault maps discovered:
D:1:      saegor_arrival_simple_d, layout_rooms, ebering_ecumenical_altar_rust,
          serial_bayou_pond_e
D:2:      layout_basic, kennysheep_crisscross, minmay_box_of_dots

Skill      XL: |  1  2  3 |
---------------+----------+-----
Spellcasting   | 2 |  2.0
Fighting       | |  1.4
Armour         | |  0.4
Dodging        | |  2.6
Stealth        | |  0.2
Unarmed Combat | |  3.8

Action                   |  1- 3 |  4- 6 || total
-------------------------+-------+-------++-------
Melee: Unarmed           |   101 |       ||   101
       Headbutt          |    15 |     4 ||    19
       Punch             |     3 |       ||     3
       Dagger            |     9 |    25 ||    34
 Cast: Beastly Appendage |    20 |     5 ||    25
       Wereblood         |     2 |     2 ||     4
Armor: Robe              |     6 |       ||     6
       Leather armour    |    15 |     5 ||    20
Dodge: Dodged            |    61 |    21 ||    82
